| TOP OF THE 1ST |
|
Tulsa Drillers batting - Pitching for Mobile BayBears : RHP Chad Mangum
|
|
Pitching: RHP Chad Mangum
|
|
|
Batting: LHB Cory Bowler
|
0-0: Swinging Strike 0-1: Ball 1-1: Swinging Strike 1-2: Ball 2-2: Ball 3-2: Foul Ball, location: 2F 3-2: Base on Balls
|
|
Batting: SHB Ray Luna
|
0-0: 2-RUN HOME RUN (Flyball, 89XD, EV 103.8 MPH), Distance : 401 ft
|
|
Batting: RHB Justin Curran
|
0-0: Ball 1-0: Foul Ball, location: 2F 1-1: Called Strike 1-2: Foul Ball, location: 2F 1-2: Ground out 6-3 (Groundball, 6, EV 95.0 MPH)
|
|
Batting: LHB Bobby Gonzalez
|
0-0: Swinging Strike 0-1: Ball 1-1: Foul Ball, location: 2F 1-2: Strikes out swinging
|
|
Batting: RHB Jonathan Sotelo
|
0-0: Swinging Strike 0-1: Swinging Strike 0-2: Strikes out looking
|
| Top of the 1st over - 2 runs, 1 hit, 0 errors, 0 left on base; Tulsa 2 - Mobile 0 |
| BOTTOM OF THE 1ST |
|
Mobile BayBears batting - Pitching for Tulsa Drillers : RHP Will Lane
|
|
Pitching: RHP Will Lane
|
|
|
Batting: RHB Francisco Gutierrez
|
0-0: Ball 1-0: Ball 2-0: Ball 3-0: Base on Balls
|
|
Batting: LHB Yao-pang Tien
|
0-0: DOUBLE (Line Drive, 3D, EV 96.2 MPH) Francisco Gutierrez to third
|
|
Batting: RHB Seth Tramontano
|
0-0: Called Strike 0-1: Ball 1-1: Called Strike 1-2: Foul Ball, location: 2F 1-2: Ball 2-2: Foul Ball, location: 2F 2-2: Ball 3-2: Ground out 5-3 (Groundball, 56S, EV 93.8 MPH) Francisco Gutierrez scores
|
|
Batting: SHB Rich Muniz
|
0-0: Ball 1-0: Foul Ball, location: 2F 1-1: Swinging Strike 1-2: Reached on error, E4 (Groundball, 4, EV 101.9 MPH) Yao-pang Tien to third
|
|
Batting: RHB Josh Burrows
|
0-0: Called Strike 0-1: Foul Ball, location: 2F 0-2: Foul Ball, location: 2F 0-2: Ball 1-2: Foul Ball, location: 2F 1-2: Foul Ball, location: 2F 1-2: Ball 2-2: Foul Ball, location: 2F 2-2: Foul Ball, location: 2F 2-2: Foul Ball, location: 2F 2-2: Grounds into double play, 4-6-3 (Groundball, 4, EV 100.0 MPH)
|
| Bottom of the 1st over - 1 run, 1 hit, 1 error, 1 left on base; Tulsa 2 - Mobile 1 |
| TOP OF THE 2ND |
|
Tulsa Drillers batting - Pitching for Mobile BayBears : RHP Chad Mangum
|
|
Batting: LHB Nate Kee
|
0-0: Foul Ball, location: 2F 0-1: Fly out, F9 (Flyball, 9, EV 91.2 MPH)
|
|
Batting: LHB Umar Matoub
|
0-0: Ball 1-0: Called Strike 1-1: Foul Ball, location: 2F 1-2: Ball 2-2: Ball 3-2: Strikes out swinging
|
|
Batting: RHB Bob Magana
|
0-0: SINGLE (Groundball, 6MD, EV 102.5 MPH)
|
|
Batting: LHB Randy Boone
|
0-0: Foul Ball, location: 2F 0-1: Ball 1-1: Foul Ball, location: 2F 1-2: Foul Ball, location: 2F 1-2: Ball 2-2: Foul Ball, location: 2F 2-2: TRIPLE (Flyball, 89XD, EV 111.2 MPH) Bob Magana scores
|
|
Batting: LHB Cory Bowler
|
0-0: Swinging Strike 0-1: Ball 1-1: Ball 2-1: Swinging Strike 2-2: Strikes out swinging
|
| Top of the 2nd over - 1 run, 2 hits, 0 errors, 1 left on base; Tulsa 3 - Mobile 1 |
| BOTTOM OF THE 2ND |
|
Mobile BayBears batting - Pitching for Tulsa Drillers : RHP Will Lane
|
|
Batting: SHB Ken Welch
|
0-0: Ball 1-0: Called Strike 1-1: Ball 2-1: Swinging Strike 2-2: Foul Ball, location: 2F 2-2: Foul Ball, location: 2F 2-2: Foul Ball, location: 2F 2-2: Foul Ball, location: 2F 2-2: Foul Ball, location: 2F 2-2: Ball 3-2: Base on Balls
|
|
Batting: SHB Reagan Dudley
|
0-0: Ball 1-0: Swinging Strike 1-1: Swinging Strike 1-2: Ball 2-2: DOUBLE (Line Drive, 8LXD, EV 106.9 MPH) Ken Welch to third
|
|
Batting: RHB Sean Tanner
|
0-0: Ball 1-0: Called Strike 1-1: Called Strike 1-2: Ball 2-2: Foul Ball, location: 2F 2-2: Strikes out swinging
|
|
Batting: RHB Carlos Ballesteros
|
0-0: Ball 1-0: Ball 2-0: Ball 3-0: Base on Balls
|
|
Batting: RHB Francisco Gutierrez
|
0-0: Fly out, F9 (Line Drive, 9LM, EV 95.0 MPH) Runner from 3rd tags up, SCORES, throw by RF Reagan Dudley to third
|
|
Batting: LHB Yao-pang Tien
|
0-0: Foul Ball, location: 2F 0-1: Fly out, F9 (Line Drive, 9, EV 90.6 MPH)
|
| Bottom of the 2nd over - 1 run, 1 hit, 0 errors, 2 left on base; Tulsa 3 - Mobile 2 |
| TOP OF THE 3RD |
|
Tulsa Drillers batting - Pitching for Mobile BayBears : RHP Chad Mangum
|
|
Batting: SHB Ray Luna
|
0-0: Swinging Strike 0-1: Ball 1-1: Called Strike 1-2: Ball 2-2: Strikes out looking
|
|
Batting: RHB Justin Curran
|
0-0: Swinging Strike 0-1: Ball 1-1: Swinging Strike 1-2: Fly out, F3 (Popup, 3F, EV 79.4 MPH)
|
|
Batting: LHB Bobby Gonzalez
|
0-0: Ball 1-0: Ball 2-0: Fly out, F7 (Flyball, 78S, EV 88.8 MPH)
|
| Top of the 3rd over - 0 runs, 0 hits, 0 errors, 0 left on base; Tulsa 3 - Mobile 2 |
| BOTTOM OF THE 3RD |
|
Mobile BayBears batting - Pitching for Tulsa Drillers : RHP Will Lane
|
|
Batting: RHB Seth Tramontano
|
0-0: Ball 1-0: Ball 2-0: Ball 3-0: Base on Balls
|
|
Batting: SHB Rich Muniz
|
0-0: Called Strike 0-1: Foul Ball, location: 2F 0-2: Foul Ball, location: 2F 0-2: Strikes out swinging
|
|
Batting: RHB Josh Burrows
|
0-0: Ball 1-0: Ball 2-0: Ball 3-0: Called Strike 3-1: Called Strike 3-2: Ground out 1-3 (Groundball, 34S, EV 70.0 MPH) Seth Tramontano to second
|
|
Batting: SHB Ken Welch
|
0-0: Ball 1-0: Ball 2-0: Swinging Strike 2-1: Ball 3-1: Ground out 4-3 (Groundball, 4, EV 101.2 MPH)
|
| Bottom of the 3rd over - 0 runs, 0 hits, 0 errors, 1 left on base; Tulsa 3 - Mobile 2 |
| TOP OF THE 4TH |
|
Tulsa Drillers batting - Pitching for Mobile BayBears : RHP Chad Mangum
|
|
Batting: RHB Jonathan Sotelo
|
0-0: Called Strike 0-1: Swinging Strike 0-2: Ball 1-2: Strikes out swinging
|
|
Batting: LHB Nate Kee
|
0-0: Foul Ball, location: 2F 0-1: Ground out 4-3 (Groundball, 34, EV 100.6 MPH)
|
|
Batting: LHB Umar Matoub
|
0-0: Called Strike 0-1: Foul Ball, location: 2F 0-2: Ball 1-2: Ground out U3 (Groundball, 3L, EV 83.8 MPH)
|
| Top of the 4th over - 0 runs, 0 hits, 0 errors, 0 left on base; Tulsa 3 - Mobile 2 |
| BOTTOM OF THE 4TH |
|
Mobile BayBears batting - Pitching for Tulsa Drillers : RHP Will Lane
|
|
Batting: SHB Reagan Dudley
|
0-0: Hit by Pitch
|
|
Batting: RHB Sean Tanner
|
0-0: 2-RUN HOME RUN (Flyball, 7D, EV 97.5 MPH), Distance : 375 ft
|
|
Batting: RHB Carlos Ballesteros
|
0-0: Ball 1-0: Called Strike 1-1: Ball 2-1: Ball 3-1: SINGLE (Groundball, 6, EV 96.2 MPH)
|
|
Batting: RHB Francisco Gutierrez
|
0-0: Foul Ball, location: 2F 0-1: Ball 1-1: Fielders Choice at 2nd, 5-4 (Groundball, 56S, EV 87.5 MPH)
|
|
Batting: LHB Yao-pang Tien
|
0-0: Fly out, F8 (Line Drive, 78M, EV 106.9 MPH)
|
|
Batting: RHB Seth Tramontano
|
0-0: Foul Ball, location: 2F 0-1: Reached on error, E4 (Groundball, 34, EV 83.8 MPH) Francisco Gutierrez to third
|
|
Batting: SHB Rich Muniz
|
0-0: Ball 1-0: Swinging Strike 1-1: Called Strike 1-2: Ball 2-2: Ground out 4-3 (Groundball, 4S, EV 72.5 MPH)
|
| Bottom of the 4th over - 2 runs, 2 hits, 1 error, 2 left on base; Tulsa 3 - Mobile 4 |
| TOP OF THE 5TH |
|
Tulsa Drillers batting - Pitching for Mobile BayBears : RHP Chad Mangum
|
|
Batting: RHB Bob Magana
|
0-0: Called Strike 0-1: Ball 1-1: Ball 2-1: Foul Ball, location: 2F 2-2: Ball 3-2: Hit by Pitch
|
|
Batting: LHB Randy Boone
|
0-0: Called Strike 0-1: Ball 1-1: Called Strike 1-2: Ground out 4-3 (Groundball, 34D, EV 101.2 MPH) Bob Magana to second
|
|
Now at 2B: Frank Mullen
|
|
|
Batting: LHB Cory Bowler
|
0-0: Ball 1-0: Ball 2-0: Called Strike 2-1: Ground out 6-3 (Groundball, 6, EV 88.1 MPH)
|
|
Batting: SHB Ray Luna
|
0-0: Ball 1-0: Foul Ball, location: 2F 1-1: Foul Ball, location: 2F 1-2: Strikes out looking
|
| Top of the 5th over - 0 runs, 0 hits, 0 errors, 1 left on base; Tulsa 3 - Mobile 4 |
| BOTTOM OF THE 5TH |
|
Mobile BayBears batting - Pitching for Tulsa Drillers : RHP Will Lane
|
|
Batting: RHB Josh Burrows
|
0-0: Ball 1-0: Called Strike 1-1: SINGLE (Line Drive, 5D, EV 99.4 MPH)
|
|
Batting: SHB Ken Welch
|
0-0: Ball 1-0: Ball 2-0: Swinging Strike 2-1: Called Strike 2-2: Foul Ball, location: 2F 2-2: Ball 3-2: Strikes out looking
|
|
Pitching: RHP Zach Snodgrass
|
|
|
Batting: SHB Reagan Dudley
|
0-0: Called Strike 0-1: Foul Ball, location: 2F 0-2: Ball 1-2: Fly out, F8 (Flyball, 8LM, EV 83.1 MPH)
|
|
Batting: RHB Sean Tanner
|
0-0: Ball 1-0: Ball 2-0: Called Strike 2-1: Swinging Strike 2-2: Strikes out looking and he ARGUES THE CALL AND IS TOSSED!
|
| Bottom of the 5th over - 0 runs, 1 hit, 0 errors, 1 left on base; Tulsa 3 - Mobile 4 |
| TOP OF THE 6TH |
|
Tulsa Drillers batting - Pitching for Mobile BayBears : RHP Chad Mangum
|
|
Now at C: Yasuo Nakata
|
|
|
Batting: RHB Justin Curran
|
0-0: Called Strike 0-1: Ground out 5-3 (Groundball, 56, EV 88.8 MPH)
|
|
Batting: LHB Bobby Gonzalez
|
0-0: Called Strike 0-1: Called Strike 0-2: Ball 1-2: Ball 2-2: Ball 3-2: Base on Balls
|
|
Batting: RHB Jonathan Sotelo
|
0-0: Grounds into double play, 6-4-3 (Groundball, 6S, EV 90.6 MPH)
|
| Top of the 6th over - 0 runs, 0 hits, 0 errors, 0 left on base; Tulsa 3 - Mobile 4 |
| BOTTOM OF THE 6TH |
|
Mobile BayBears batting - Pitching for Tulsa Drillers : RHP Zach Snodgrass
|
|
Batting: LHB Frank Mullen
|
0-0: Foul Ball, location: 2F 0-1: Foul Ball, location: 2F 0-2: Foul Ball, location: 2F 0-2: Ball 1-2: Ball 2-2: Ground out 6-3 (Groundball, 6, EV 108.1 MPH)
|
|
Batting: RHB Francisco Gutierrez
|
0-0: SINGLE (Groundball, 6MS, EV 69.4 MPH) (infield hit)
|
|
Batting: LHB Yao-pang Tien
|
0-0: Ball 1-0: Fly out, F7 (Line Drive, 7S, EV 105.0 MPH)
|
|
Batting: RHB Seth Tramontano
|
0-0: Called Strike 0-1: Swinging Strike 0-2: Ball 1-2: Foul Ball, location: 2F 1-2: Ball 2-2: Ball Francisco Gutierrez steals 2nd base (no throw) 3-2: Ground out 6-3 (Groundball, 6M, EV 91.9 MPH)
|
| Bottom of the 6th over - 0 runs, 1 hit, 0 errors, 1 left on base; Tulsa 3 - Mobile 4 |
| TOP OF THE 7TH |
|
Tulsa Drillers batting - Pitching for Mobile BayBears : RHP Chad Mangum
|
|
Batting: LHB Nate Kee
|
0-0: Ball 1-0: Ball 2-0: Ball 3-0: Base on Balls
|
|
Batting: LHB Umar Matoub
|
0-0: Ball 1-0: Foul Ball, location: 2F 1-1: Ball 2-1: Foul Ball, location: 2F 2-2: Strikes out swinging
|
|
Batting: RHB Bob Magana
|
0-0: Ball 1-0: Ball Nate Kee is caught stealing 2nd base 2-4 2-0: Called Strike 2-1: Ball 3-1: Called Strike 3-2: Strikes out looking
|
| Top of the 7th over - 0 runs, 0 hits, 0 errors, 0 left on base; Tulsa 3 - Mobile 4 |
| BOTTOM OF THE 7TH |
|
Mobile BayBears batting - Pitching for Tulsa Drillers : RHP Zach Snodgrass
|
|
Batting: SHB Rich Muniz
|
0-0: Ball 1-0: DOUBLE (Line Drive, 3D, EV 94.4 MPH)
|
|
Batting: RHB Josh Burrows
|
0-0: SINGLE (Flyball, 4D, EV 93.1 MPH) Rich Muniz to third
|
|
Batting: SHB Ken Welch
|
0-0: Ball 1-0: Called Strike 1-1: Ball 2-1: Foul Ball, location: 2F 2-2: Reached on error, E6 (Groundball, P, EV 88.8 MPH) Rich Muniz scores Josh Burrows to third
|
|
Batting: SHB Reagan Dudley
|
0-0: Called Strike 0-1: Ball 1-1: Ground out 2-3 (Groundball, 15S, EV 74.4 MPH)
|
|
Batting: RHB Yasuo Nakata
|
0-0: Called Strike 0-1: Ball 1-1: Swinging Strike 1-2: Ball 2-2: Ball 3-2: Strikes out swinging
|
|
Pitching: RHP Andy Rodriguez
|
|
|
Batting: LHB Frank Mullen
|
0-0: Ball 1-0: SINGLE (Groundball, 4D, EV 108.8 MPH) Josh Burrows scores Ken Welch to third Runner from 3rd tries for Home, SAFE, throw by CF to home
|
|
Batting: RHB Francisco Gutierrez
|
0-0: Fly out, F8 (Flyball, 8RD, EV 91.9 MPH)
|
| Bottom of the 7th over - 3 runs, 3 hits, 1 error, 1 left on base; Tulsa 3 - Mobile 7 |
| TOP OF THE 8TH |
|
Tulsa Drillers batting - Pitching for Mobile BayBears : RHP Chad Mangum
|
|
Pitching: RHP Dan Thompson
|
|
|
Batting: LHB Randy Boone
|
0-0: DOUBLE (Line Drive, 3D, EV 100.0 MPH)
|
|
Batting: LHB Cory Bowler
|
0-0: Swinging Strike 0-1: Swinging Strike 0-2: Ball 1-2: Foul Ball, location: 2F 1-2: Foul Ball, location: 2F 1-2: Ball 2-2: Ball 3-2: Base on Balls
|
|
Batting: SHB Ray Luna
|
0-0: Called Strike 0-1: Ball 1-1: Ball 2-1: Fly out, F8 (Flyball, 8LM, EV 88.8 MPH)
|
|
Batting: RHB Justin Curran
|
0-0: Ball 1-0: Ball 2-0: Ball 3-0: Base on Balls Randy Boone to third Cory Bowler to second
|
|
Batting: LHB Bobby Gonzalez
|
0-0: Called Strike 0-1: Foul Ball, location: 2F 0-2: Ball 1-2: Foul Ball, location: 2F 1-2: Strikes out swinging
|
|
Batting: RHB Jonathan Sotelo
|
0-0: Ball 1-0: Swinging Strike 1-1: Swinging Strike 1-2: Strikes out looking
|
| Top of the 8th over - 0 runs, 1 hit, 0 errors, 3 left on base; Tulsa 3 - Mobile 7 |
| BOTTOM OF THE 8TH |
|
Mobile BayBears batting - Pitching for Tulsa Drillers : RHP Andy Rodriguez
|
|
Batting: LHB Yao-pang Tien
|
0-0: Ball 1-0: Ball 2-0: Foul Ball, location: 2F 2-1: Foul Ball, location: 2F 2-2: SINGLE (Line Drive, 34D, EV 95.6 MPH)
|
|
Batting: RHB Seth Tramontano
|
0-0: Ball Yao-pang Tien steals 2nd base 1-0: Foul Ball, location: 2F 1-1: DOUBLE (Groundball, 3L, EV 106.2 MPH) Yao-pang Tien scores
|
|
Batting: SHB Rich Muniz
|
0-0: Ball 1-0: Ball 2-0: Ball 3-0: Called Strike 3-1: Foul Ball, location: 2F 3-2: SINGLE (Line Drive, 4M, EV 96.2 MPH) Seth Tramontano to third Runner from 3rd tries for Home, SAFE, throw by CF to home
|
|
Batting: RHB Josh Burrows
|
0-0: Foul Ball, location: 2F 0-1: Swinging Strike 0-2: Foul Ball, location: 2F 0-2: Strikes out swinging
|
|
Batting: SHB Ken Welch
|
0-0: Ball 1-0: Foul Ball, location: 2F 1-1: Ball 2-1: Grounds into double play, 5-4-3 (Groundball, 56, EV 85.6 MPH)
|
| Bottom of the 8th over - 2 runs, 3 hits, 0 errors, 0 left on base; Tulsa 3 - Mobile 9 |
| TOP OF THE 9TH |
|
Tulsa Drillers batting - Pitching for Mobile BayBears : RHP Dan Thompson
|
|
Batting: LHB Nate Kee
|
0-0: Ball 1-0: Called Strike 1-1: Swinging Strike 1-2: Strikes out swinging
|
|
Batting: LHB Umar Matoub
|
0-0: Ground out 6-3 (Groundball, 6M, EV 106.2 MPH)
|
|
Batting: RHB Bob Magana
|
0-0: Called Strike 0-1: Foul Ball, location: 2F 0-2: Ball 1-2: Ball 2-2: Strikes out swinging
|
| Top of the 9th over - 0 runs, 0 hits, 0 errors, 0 left on base; Tulsa 3 - Mobile 9 |
|